 Dungeon Crawl Stone Soup version 0.17.1-3-g152610e (webtiles) character file.

88786 ololoev the Spear-Bearer (level 15, -12/121 HPs)
             Began as a Mummy Chaos Knight on Apr 26, 2016.
             Killed by divine providence
             ... invoked by an orc priest
              (13 damage)
             ... on level 4 of the Orcish Mines.
             The game lasted 01:51:44 (34379 turns).

ololoev the Spear-Bearer (Mummy Chaos Knight)      Turns: 34379, Time: 01:51:44

Health: -12/121    AC: 19    Str: 18      XL:     15   Next: 47%
Magic:  23/23      EV: 10    Int: 13 (14) God:    Xom [...*..]
Gold:   2580       SH:  0    Dex: 11      Spells: 2 memorised, 14 levels left

rFire  + + .     SeeInvis .     b - +1 rod of clouds (2/15)
rCold  + . .     Clarity  .     v - +2 chain mail of Indecent Exposure {rF++ rN++ Str-2}
rNeg   + + +     SustAt   .     (no shield)
rPois  ∞         Gourm    .     e - +0 hat {MR+}
rElec  +         Spirit   .     p - +1 cloak
rCorr  .         Warding  .     t - +0 pair of gloves
rMut   .         Stasis   .     j - +0 pair of boots
MR     +++..                    s - amulet of regeneration
Stlth  ..........               c - ring of protection from magic
                                m - ring "Yckiwkul" {+Inv rElec rF+ rN+}

@: about to teleport, studying Fighting, extremely resistant to hostile
enchantments, extremely unstealthy
A: no food or potions, fire vulnerability, cold resistance 1, negative energy
resistance 3, torment resistance, unbreathing, in touch with death 1, restore
body
a: Self-Restoration, Renounce Religion, Evoke Invisibility


Innate Abilities, Weirdness & Mutations

You do not eat or drink.
Your flesh is vulnerable to fire.
You are immune to poison.
Your flesh is cold resistant.
You are immune to negative energy.
You are immune to unholy pain and torment.
You can survive without breathing.
You are in touch with the powers of death.
You can restore your body by infusing magical energy.

Inventory:

Hand Weapons
 a - a +1 vampiric trident
Armour
 e - a +0 hat of magic resistance (worn)
 j - a +0 pair of boots (worn)
 p - a +1 cloak (worn)
 t - a +0 pair of gloves (worn)
 v - the +2 chain mail of Indecent Exposure (worn) {rF++ rN++ Str-2}
   (You found it on level 6 of the Lair of Beasts)

   It affects your strength (-2).
   It greatly protects you from fire.
   It greatly protects you from negative energy.
Rods
 b - a +1 rod of clouds (2/15) (weapon)
   (You bought it in a shop on level 4 of the Dungeon)
 l - a +6 rod of inaccuracy (11/11)
   (You found it on level 8 of the Lair of Beasts)
Jewellery
 c - a ring of protection from magic (right hand)
 m - the ring "Yckiwkul" (left hand) {+Inv rElec rF+ rN+}
   (You found it on level 10 of the Dungeon)

   [ring of protection from fire]

   It protects you from fire.
   It insulates you from electricity.
   It protects you from negative energy.
   It lets you turn invisible.
 r - an uncursed ring of see invisible
 s - an amulet of regeneration (around neck)
 w - an uncursed ring of wizardry
 C - an uncursed amulet of resist mutation
Wands
 h - a wand of enslavement (3)
 i - a wand of teleportation (3)
 x - a wand of disintegration (4)
 A - a wand of paralysis (9)
Scrolls
 d - 6 scrolls of remove curse
 f - 4 scrolls of recharging
 k - 5 scrolls of fog
 n - 4 scrolls of amnesia
 o - 2 scrolls of enchant weapon
 q - 6 scrolls of identify
 u - a scroll of immolation
 D - 2 scrolls of enchant armour
Books
 y - a manual of Fighting
Miscellaneous
 B - a phial of floods (inert)


   Skills:
 + Level 12.2 Fighting
 * Level 14.3 Polearms
 + Level 10.4 Armour
 + Level 7.2 Dodging
 + Level 5.7 Spellcasting
 + Level 5.2 Summonings
 + Level 9.5 Evocations


You had 14 spell levels left.
You knew the following spells:

 Your Spells              Type           Power        Failure   Level  Hunger
a - Simulacrum            Ice/Necr       #.........   100%        6    N/A
b - Shadow Creatures      Summ           N/A          100%        5    N/A


You were on level 4 of the Orcish Mines.
You worshipped Xom.
You were a favourite toy of Xom.
You were not hungry.

You visited 3 branches of the dungeon, and saw 22 of its levels.
You also visited: Sewer, Ossuary, Bailey and Ice Cave.

You collected 3842 gold pieces.
You spent 1262 gold pieces at shops.

....## #.....................
......## #..o..................
........##.....................
.§§......#.....................
.#§#§#.#.#.....................
.§§§§)§...(................
.≈§§§§§.(...[...........#.
...§§§).[(..[...)........
.#.#§#§#§#).§§@§§........
......§§#).5§33........
........##.(5§4§o.......
......## #..o.o......... ....##
#...[)......... ####
#.))...5.......
###########$).)).......
#...#..#[[[[...........
####....[.#))............

Notes
Turn   | Place    | Note
--------------------------------------------------------------
     0 | D:1      | ololoev the Mummy Chaos Knight began the quest for the Orb.
     0 | D:1      | Reached XP level 1. HP: 18/18 MP: 1/1
   134 | D:1      | XOM: divination: detect creatures
   233 | D:1      | Reached XP level 2. HP: 22/24 MP: 2/2
   500 | D:1      | XOM: divination: detect creatures
   716 | D:1      | XOM: divination: detect creatures
   754 | D:2      | Reached XP level 3. HP: 22/29 MP: 3/3
   968 | D:2      | XOM: divination: detect creatures
  1096 | D:2      | XOM: harmless Fire miscast
  1188 | D:2      | XOM: potion effect (invisibility)
  1213 | D:2      | Found a shadowy altar of Dithmenos.
  1215 | D:2      | Found a deep blue altar of Sif Muna.
  1215 | D:2      | Found a snail-covered altar of Cheibriados.
  1477 | D:3      | XOM: harmless Trmt miscast
  1481 | D:3      | Reached XP level 4. HP: 35/35 MP: 4/4
  1748 | D:3      | XOM: butterfly on damage
  1755 | D:3      | HP: 1/35 [orc priest/dagger (1)]
  1758 | D:3      | XOM: potion effect (haste)
  2081 | D:3      | Reached skill level 4 in Polearms
  2089 | D:3      | Found a sparkling altar of Nemelex Xobeh.
  2142 | D:3      | XOM: potion effect (invisibility)
  2175 | D:3      | Reached XP level 5. HP: 21/41 MP: 5/5
  2265 | D:3      | XOM: scenery: create altars
  2377 | D:3      | XOM: potion effect (might)
  2388 | D:3      | XOM: summons 2 hostile demons
  2463 | D:4      | Found Quur's Magic Scroll Shoppe.
  2477 | D:4      | Bought a scroll of identify for 20 gold pieces
  2477 | D:4      | Bought a scroll of identify for 20 gold pieces
  2498 | D:4      | XOM: confuse monster(s)
  2513 | D:4      | XOM: god gift: scroll of teleportation
  2787 | D:4      | Reached XP level 6. HP: 43/47 MP: 6/6
  2812 | D:4      | Found Noji's Jewellery Shoppe.
  2821 | D:4      | Found Zanitzom's Armour Shoppe.
  2873 | D:4      | XOM: 2-stop teleportation journey
  2892 | D:4      | Reached skill level 5 in Polearms
  3216 | D:4      | XOM: 1-stop teleportation journey
  3247 | D:4      | XOM: god gift: plate armour {god gift}
  3480 | D:4      | XOM: 4-stop teleportation journey
  3538 | D:4      | Found an iron altar of Okawaru.
  3588 | D:4      | XOM: god gift: scroll of teleportation
  3827 | D:4      | Reached XP level 7. HP: 45/52 MP: 7/7
  3832 | D:4      | XOM: summons 2 friendly demons
  3908 | D:4      | Found Caileuxi's Gadget Shop.
  3919 | D:4      | Noticed a phantom
  3927 | D:4      | XOM: god gift: 58 gold pieces
  3929 | D:4      | XOM: potion effect (agility)
  3947 | D:4      | Killed a phantom
  3947 | D:4      | Reached skill level 6 in Polearms
  4017 | D:4      | XOM: summons friendly ufetubus
  4019 | D:4      | XOM: polymorph ufetubus -> quasit
  4134 | D:5      | Entered Level 5 of the Dungeon
  4139 | D:5      | XOM: vitrification
  4139 | D:5      | Found a shimmering altar of Xom.
  4222 | D:5      | Found a sand-covered staircase.
  4239 | Ossuary  | Entered an ossuary
  4273 | Ossuary  | XOM: divination: detect creatures
  4506 | Ossuary  | XOM: potion effect (brilliance)
  4819 | D:5      | Reached skill level 1 in Evocations
  4819 | D:5      | Reached XP level 8. HP: 36/58 MP: 8/8
  5018 | D:5      | XOM: confuse monster(s)
  5071 | D:5      | XOM: divination: detect creatures
  5172 | D:5      | Noticed Duvessa
  5172 | D:5      | Noticed Dowan
  5195 | D:5      | Killed Duvessa
  5195 | D:5      | Reached skill level 7 in Polearms
  5210 | D:5      | Killed Dowan
  5300 | D:5      | XOM: potion effect (brilliance)
  5622 | D:5      | Found Qokaov's Assorted Antiques.
  5719 | D:5      | XOM: mild Divn miscast
  5807 | D:5      | Found a staircase to the Ecumenical Temple.
  5965 | D:6      | Reached skill level 5 in Armour
  6127 | D:6      | XOM: confuse monster(s)
  6211 | D:6      | XOM: divination: magic mapping
  6248 | D:6      | Found a glowing drain.
  6269 | Sewer    | Entered a sewer
  6276 | Sewer    | XOM: polymorph worm -> giant eyeball
  6277 | Sewer    | XOM: blink monster(s)
  6287 | Sewer    | XOM: 4-stop teleportation journey
  6329 | Sewer    | XOM: smoke on damage
  6453 | Sewer    | XOM: god gift: coppery potion
  6732 | D:6      | XOM: potion effect (invisibility)
  6970 | D:5      | Bought a crude war axe for 187 gold pieces
  6970 | D:5      | Identified the cursed +1 war axe of Givik {chop, rPois MR+ Int-4 Dex+2} (You bought it in a shop on level 5 of the Dungeon)
  7116 | D:6      | XOM: god gift: scroll labeled EFEIM IFIOF
  7140 | D:6      | Reached skill level 8 in Polearms
  7259 | D:6      | XOM: harmless Divn miscast
  7317 | D:6      | XOM: medium Fire miscast
  7334 | D:6      | XOM: polymorph scorpion -> giant eyeball
  7353 | D:6      | Reached XP level 9. HP: 63/63 MP: 11/11
  7570 | D:6      | Found an ancient bone altar of Kikubaaqudgha.
  7696 | D:7      | XOM: enchant monster (good)
  8270 | D:7      | XOM: summons friendly quasit
  8495 | D:7      | Found a shattered altar of Ashenzari.
  8525 | D:7      | XOM: summons friendly white imp
  8536 | D:7      | XOM: swap monsters
  8539 | D:7      | XOM: confusion (+ monsters)
  8540 | D:7      | XOM: summons 3 hostile shadow creatures
  8542 | D:7      | XOM: enchant monster (bad)
  8595 | D:7      | XOM: mild Conj miscast
  8617 | D:7      | XOM: colour smoke trail
  8877 | D:8      | Noticed a red ugly thing
  8890 | D:8      | XOM: cast spell 'Warp Weapon'
  8900 | D:8      | Banished a red ugly thing
  8900 | D:8      | Reached skill level 9 in Polearms
  8901 | D:8      | XOM: mild Erth miscast
  9394 | D:8      | XOM: summons 4 hostile demons
  9665 | D:8      | XOM: colour smoke trail
  9807 | D:8      | XOM: summons 3 hostile demons
 10080 | D:9      | Found Astrururph's Weapon Shop.
 10225 | D:9      | Reached XP level 10. HP: 70/70 MP: 13/13
 10249 | D:9      | XOM: 3-stop teleportation journey
 10391 | D:9      | XOM: fog
 10507 | D:9      | XOM: confuse monster(s)
 10526 | D:9      | Killed an unseen horror
 10543 | D:9      | XOM: summons friendly neqoxec
 10548 | D:9      | Reached skill level 5 in Evocations
 10552 | D:9      | Reached skill level 10 in Polearms
 10552 | D:9      | XOM: divine lightning (protected)
 10671 | D:9      | XOM: colour smoke trail
 10800 | D:9      | XOM: enchant monster (good)
 10819 | D:9      | XOM: enchant monster (good)
 10929 | D:9      | Noticed a kobold demonologist
 10929 | D:9      | XOM: potion effect (haste)
 10954 | D:9      | XOM: confuse monster(s)
 10968 | D:9      | Killed a kobold demonologist
 11119 | D:9      | Found a sacrificial altar of Ru.
 11135 | D:9      | Found a radiant altar of Vehumet.
 11137 | D:9      | Found a burning altar of Makhleb.
 11240 | D:9      | Found a staircase to the Lair.
 11245 | D:9      | XOM: swap monsters
 11280 | D:9      | XOM: polymorph troll -> human
 11289 | D:9      | XOM: confuse monster(s)
 11528 | D:9      | XOM: colour smoke trail
 11534 | D:9      | Found a staircase to the Orcish Mines.
 11635 | D:9      | XOM: enchant monster (bad)
 11697 | D:9      | XOM: chaos cloud
 11738 | D:9      | Noticed an elephant
 11775 | D:8      | XOM: summons 4 friendly demons
 11776 | D:8      | Killed an elephant
 11857 | D:8      | XOM: mild Necr miscast
 11864 | D:9      | XOM: repel stairs
 11869 | D:9      | XOM: confusion (+ monsters)
 11871 | D:9      | XOM: noise
 11878 | D:9      | HP: 1/70 [troll (4)]
 11884 | D:9      | XOM: harmless Pois miscast
 12220 | D:8      | XOM: mild Fire miscast
 12438 | D:10     | Entered Level 10 of the Dungeon
 12492 | D:10     | XOM: fog
 12594 | D:10     | Got a scorched bone ring
 12596 | D:10     | Identified the ring "Yckiwkul" {+Inv rElec rF+ rN+} (You found it on level 10 of the Dungeon)
 12648 | D:10     | XOM: chaos cloud
 12665 | D:10     | XOM: severe Tloc miscast
 12669 | D:10     | XOM: confusion (+ monsters)
 12679 | D:10     | XOM: polymorph yak -> tarantella
 12689 | D:10     | XOM: 3-stop teleportation journey
 12948 | D:10     | XOM: summons 5 hostile demons
 12949 | D:10     | Noticed a rust devil
 12996 | D:9      | XOM: silly message
 13103 | D:9      | Reached XP level 11. HP: 69/72 MP: 15/15
 13108 | D:10     | XOM: chaos cloud
 13378 | D:10     | XOM: chaos cloud
 13403 | D:10     | Reached skill level 11 in Polearms
 13431 | D:10     | XOM: mild Hex miscast
 13644 | D:10     | XOM: chaos upgrade
 13649 | D:10     | XOM: summons 4 hostile demons
 13657 | D:10     | XOM: enchant monster (bad)
 13658 | D:10     | XOM: confusion (+ monsters)
 13668 | D:10     | Reached skill level 1 in Dodging
 13703 | D:10     | XOM: harmless Tloc miscast
 13851 | D:10     | XOM: cast spell 'Cause Fear'
 13943 | D:10     | XOM: god gift: runed helmet {god gift}
 14017 | D:10     | XOM: summons 5 hostile demons
 14188 | D:10     | XOM: medium Necr miscast
 14223 | D:10     | XOM: mild Conj miscast
 14531 | D:9      | XOM: cast spell 'Ring of Flames'
 14542 | Orc:1    | Entered Level 1 of the Orcish Mines
 14542 | Orc:1    | Found a roughly hewn altar of Beogh.
 14577 | Orc:1    | XOM: summons 3 hostile demons
 14744 | Orc:1    | XOM: butterfly on damage
 14837 | Orc:2    | Found a roughly hewn altar of Beogh.
 14918 | Orc:2    | XOM: mild Hex miscast
 14970 | Orc:2    | XOM: smoke on damage
 15012 | Orc:2    | XOM: harmless Pois miscast
 15079 | Orc:2    | XOM: colour smoke trail
 15401 | D:7      | XOM: swap monsters
 15573 | D:4      | Bought a -3 rod of clouds (13/13) for 825 gold pieces
 15904 | Orc:2    | Found a roughly hewn altar of Beogh.
 15982 | Orc:2    | XOM: god gift: 22 stones
 16047 | Orc:2    | XOM: summons 3 hostile demons
 16165 | Orc:3    | Found a flagged portal.
 16183 | Bailey   | Entered a bailey
 16278 | Bailey   | XOM: medium Erth miscast
 16554 | Bailey   | XOM: blink monster(s)
 16765 | Bailey   | XOM: cast spell 'Metabolic Englaciation'
 16789 | Bailey   | XOM: confuse monster(s)
 16818 | Bailey   | XOM: swap monsters
 17085 | Bailey   | Got a bone bardiche
 17086 | Bailey   | Identified the +7 bardiche "Ehomp" {chop, *Confuse MR+ Int+2} (You found it in a bailey)
 17364 | Orc:3    | XOM: smoke on damage
 17465 | Orc:3    | XOM is BORED!
 17465 | Orc:3    | XOM: 6-stop teleportation journey
 17500 | Orc:3    | Noticed an orc high priest
 17501 | Orc:3    | Paralysed by an orc sorcerer for 7 turns
 17532 | Orc:3    | XOM: blink monster(s)
 17545 | Orc:3    | Killed an orc high priest
 17558 | Orc:3    | XOM: noise
 17761 | Orc:1    | Found Seeh's Assorted Antiques.
 17838 | Orc:1    | Bought a scroll labeled BEUR JAIBLOFFA for 30 gold pieces
 17838 | Orc:1    | Bought a forked brass wand for 120 gold pieces
 17838 | Orc:1    | Bought a scroll labeled BEUR JAIBLOFFA for 30 gold pieces
 17838 | Orc:1    | Bought a scroll labeled QEUSCH COFUETE for 30 gold pieces
 17946 | Orc:1    | XOM: fake destruction
 17955 | Orc:1    | XOM: fog
 17962 | Orc:1    | XOM: repel stairs
 17963 | Orc:1    | XOM: smoke on damage
 17975 | Orc:1    | XOM: summons friendly quasit
 18067 | Orc:1    | Reached skill level 5 in Fighting
 18275 | Orc:1    | XOM: god gift: 4 silver javelins
 18310 | Orc:3    | XOM: cast spell 'Call Canine Familiar'
 19036 | D:7      | XOM: god gift: chain mail {god gift}
 19051 | D:7      | Reached XP level 12. HP: 86/86 MP: 17/17
 19205 | Orc:4    | Entered Level 4 of the Orcish Mines
 19212 | Orc:4    | Noticed an ettin
 19220 | Orc:4    | XOM: butterfly on damage
 19226 | Orc:4    | XOM: summons friendly shadow imp
 19234 | Orc:4    | XOM: god gift: large shield {god gift}
 19424 | Orc:4    | Found a staircase to the Elven Halls.
 19558 | Lair:1   | Entered Level 1 of the Lair of Beasts
 19592 | Lair:1   | XOM: swap monsters
 19606 | Lair:1   | XOM: confuse monster(s)
 19642 | Lair:1   | XOM: noise
 19653 | Lair:1   | XOM: summons 4 friendly demons
 19894 | Lair:1   | XOM: divination: magic mapping
 19900 | Lair:1   | XOM: mild Necr miscast
 19911 | Lair:1   | XOM: confuse monster(s)
 19914 | Lair:1   | XOM: confuse monster(s)
 19916 | Lair:1   | XOM: potion effect (agility)
 19943 | Lair:1   | Reached skill level 12 in Polearms
 19944 | Lair:1   | XOM: destruction
 20079 | Lair:1   | Noticed an eight-headed hydra
 20088 | Lair:1   | Killed an eight-headed hydra
 20227 | Lair:1   | XOM: 5-stop teleportation journey
 20527 | Lair:1   | Learned a level 6 spell: Simulacrum
 20571 | Lair:2   | Identified a scroll of acquirement
 20615 | Lair:2   | XOM: summons 3 friendly demons
 20622 | Lair:2   | XOM: enchant monster (good)
 20705 | Lair:2   | XOM: divination: detect items
 20765 | Lair:2   | XOM: cast spell 'Confusing Touch'
 20823 | Lair:2   | XOM: enchant monster (good)
 20829 | Lair:2   | Found a frozen archway.
 20859 | Lair:2   | XOM: cast spell 'Shadow Creatures'
 20890 | IceCv    | Entered an ice cave
 20904 | IceCv    | XOM: harmless Hex miscast
 21012 | IceCv    | XOM: 8-stop teleportation journey
 21020 | IceCv    | XOM: enchant monster (good)
 21028 | IceCv    | XOM: summons friendly white imp
 21033 | IceCv    | XOM: divine lightning
 21060 | IceCv    | XOM: god gift: 9 gold pieces
 21080 | IceCv    | XOM: harmless Erth miscast
 21124 | IceCv    | XOM: noise
 21206 | IceCv    | XOM: potion effect (invisibility)
 21255 | IceCv    | XOM: noise
 21269 | IceCv    | XOM: divination: detect creatures
 21302 | IceCv    | XOM: silly message
 21304 | IceCv    | XOM: noise
 21315 | IceCv    | XOM: noise
 21324 | IceCv    | XOM: swap monsters
 21329 | IceCv    | XOM: silly message
 21330 | IceCv    | XOM: enchant monster (good)
 21454 | IceCv    | XOM: god gift: 730 gold pieces
 21482 | IceCv    | XOM: fake destruction
 21512 | IceCv    | Gained mutation: You are in touch with the powers of death. [Mummy growth]
 21512 | IceCv    | Gained mutation: You can restore your body by infusing magical energy. [Mummy growth]
 21512 | IceCv    | Reached XP level 13. HP: 92/99 MP: 19/19
 21630 | IceCv    | XOM: summons friendly ufetubus
 21791 | IceCv    | XOM: 2-stop teleportation journey
 21856 | IceCv    | XOM: polymorph polar bear -> soldier ant
 22033 | IceCv    | Noticed a white draconian
 22045 | IceCv    | XOM: harmless Divn miscast
 22058 | IceCv    | XOM: harmless Tloc miscast
 22067 | IceCv    | Killed a white draconian
 22115 | IceCv    | XOM: harmless Tloc miscast
 22148 | IceCv    | Learned a level 5 spell: Shadow Creatures
 22303 | Lair:2   | XOM: harmless Tloc miscast
 22319 | Lair:2   | Found an iron altar of Okawaru.
 22353 | Lair:2   | XOM: noise
 22358 | Lair:2   | Noticed a five-headed hydra
 22359 | Lair:2   | XOM: cast spell 'Blink'
 22392 | Lair:2   | XOM: confuse monster(s)
 22399 | Lair:2   | Killed a five-headed hydra
 22399 | Lair:2   | Reached skill level 5 in Dodging
 22521 | Lair:2   | XOM: noise
 22525 | Lair:2   | XOM: polymorph soldier ant -> eye of draining
 22573 | Lair:2   | XOM: harmless Tloc miscast
 22581 | Lair:2   | XOM: swap monsters
 22584 | Lair:2   | XOM: confusion
 22592 | Lair:2   | Reached skill level 1 in Spellcasting
 22592 | Lair:2   | Reached skill level 1 in Summonings
 22612 | Lair:2   | XOM: mild Air miscast
 22933 | Lair:2   | XOM: god gift: bone ring {god gift}
 22953 | Lair:2   | Reached skill level 13 in Polearms
 23304 | Lair:3   | XOM: confusion (+ monsters)
 23386 | Lair:3   | XOM: stat loss: -1 Int (11/12)
 23443 | Lair:3   | Found a stormy altar of Qazlal.
 23899 | Lair:3   | XOM: chaos cloud
 23915 | Lair:3   | Paralysed by you for 6 turns
 24041 | Lair:3   | XOM: summons 6 hostile demons
 24201 | Lair:3   | XOM: summons 2 hostile shadow creatures
 24428 | Lair:4   | XOM: enchant monster (bad)
 24496 | Lair:4   | XOM: confusion (+ monsters)
 24500 | Lair:4   | XOM: summons 2 friendly demons
 24525 | Lair:4   | XOM: cast spell 'Summon Dragon'
 24939 | Lair:4   | XOM: silly message
 24967 | Lair:4   | XOM: summons friendly ufetubus
 25448 | Lair:4   | Found a staircase to the Shoals.
 25571 | Lair:5   | XOM: 1-stop teleportation journey
 25606 | Lair:5   | XOM: confuse monster(s)
 25611 | Lair:5   | XOM: divine lightning
 25613 | Lair:5   | XOM: fog
 25616 | Lair:5   | XOM: swap monsters
 25638 | Lair:5   | Reached skill level 10 in Fighting
 25698 | Lair:5   | Found a staircase to the Snake Pit.
 25855 | Lair:5   | XOM: summons 10 friendly demons
 25863 | Lair:5   | Reached XP level 14. HP: 98/110 MP: 20/20
 25930 | Lair:5   | XOM: smoke on damage
 26212 | Lair:5   | XOM: god gift: scroll of fog
 26361 | Lair:5   | XOM: swap monsters
 26651 | Lair:5   | XOM: summons 2 friendly demons
 26819 | Lair:5   | XOM: god gift: scroll labeled NEGEUD JOX
 26828 | Lair:5   | XOM: harmless Conj miscast
 26908 | Lair:5   | XOM is BORED!
 26908 | Lair:5   | XOM: mild Trmt miscast
 27005 | Lair:6   | Found a runed door.
 27005 | Lair:6   | Found a viscous altar of Jiyva.
 27005 | Lair:6   | Noticed an acid blob
 27006 | Lair:6   | Found a staircase to the Slime Pits.
 27006 | Lair:6   | XOM: enchant monster (good)
 27019 | Lair:6   | Noticed an acid blob
 27089 | Lair:6   | XOM: noise
 27114 | Lair:6   | XOM: colour smoke trail
 27151 | Lair:6   | XOM: harmless Summ miscast
 27272 | Lair:6   | Reached skill level 10 in Armour
 27284 | Lair:6   | XOM: noise
 27354 | Lair:6   | Got a brightly glowing chain mail
 27365 | Lair:6   | Identified the +2 chain mail of Indecent Exposure {rF++ rN++ Str-2} (You found it on level 6 of the Lair of Beasts)
 28045 | Lair:7   | XOM: silly message
 28101 | Lair:7   | XOM: divination: detect creatures
 28103 | Lair:7   | XOM: cast spell 'Blink'
 28167 | Lair:7   | XOM: potion effect (haste)
 28410 | Lair:7   | XOM: summons 5 friendly demons
 28414 | Lair:6   | XOM: repel stairs
 28440 | Lair:6   | XOM: harmless Ice miscast
 28450 | Lair:6   | XOM: medium Fire miscast
 28457 | Lair:6   | XOM: confuse monster(s)
 28798 | Lair:7   | XOM: medium Hex miscast
 28860 | Lair:7   | XOM: noise
 28914 | Lair:7   | XOM: divination: magic mapping
 28945 | Lair:7   | XOM: noise
 28973 | Lair:7   | XOM: mild Trmt miscast
 29020 | Lair:7   | XOM: harmless Trmt miscast
 29039 | Lair:7   | XOM: divination: detect items
 29043 | Lair:7   | XOM: confuse monster(s)
 29414 | Lair:7   | XOM: divination: detect items
 29575 | Lair:7   | XOM: divination: detect items
 29611 | Lair:7   | XOM: noise
 29618 | Lair:7   | XOM: fog
 29979 | Lair:8   | Entered Level 8 of the Lair of Beasts
 30074 | Lair:8   | XOM: silly message
 30079 | Lair:8   | XOM: harmless Air miscast
 30083 | Lair:8   | XOM: confusion (+ monsters)
 30176 | Lair:8   | XOM: enchant monster (bad)
 30298 | Lair:8   | XOM: cast spell 'Summon Hydra'
 30341 | Lair:8   | XOM: enchant monster (good)
 30525 | Lair:8   | Reached skill level 14 in Polearms
 30632 | Lair:8   | XOM: god gift: 50 gold pieces
 30714 | Lair:8   | XOM is BORED!
 30714 | Lair:8   | XOM: summons 7 hostile demons
 30760 | Lair:8   | XOM: vitrification
 30774 | Lair:8   | XOM: swap monsters
 30787 | Lair:8   | XOM: destruction
 30911 | Lair:7   | XOM: smoke on damage
 30971 | Lair:8   | XOM: 4-stop teleportation journey
 31012 | Lair:8   | XOM: potion effect (brilliance)
 31257 | Lair:8   | XOM: smoke on damage
 31268 | Lair:8   | XOM: polymorph fire drake -> sky beast
 31461 | Lair:8   | XOM: confuse monster(s)
 31479 | Lair:8   | XOM: divination: detect creatures
 31482 | Lair:8   | Reached XP level 15. HP: 55/119 MP: 21/21
 31681 | Lair:8   | XOM: fake destruction
 31730 | Lair:8   | XOM: polymorph wolf -> sheep
 31775 | Lair:8   | XOM: cast spell 'Metabolic Englaciation'
 31779 | Lair:8   | XOM: confuse monster(s)
 31785 | Lair:8   | XOM: enchant monster (good)
 31789 | Lair:8   | XOM: fog
 31798 | Lair:8   | XOM: enchant monster (good)
 31943 | Lair:8   | XOM: harmless Pois miscast
 32016 | Lair:8   | Identified a +6 rod of inaccuracy (11/11) (You found it on level 8 of the Lair of Beasts)
 32193 | Lair:8   | XOM: summons 2 hostile shadow creatures
 32267 | Lair:8   | XOM: mild Trmt miscast
 32428 | Lair:8   | Reached skill level 5 in Summonings
 32463 | Lair:8   | XOM: severe Summ miscast
 32468 | Lair:8   | Noticed an eldritch tentacle
 32490 | Lair:8   | Killed an eldritch tentacle
 32522 | Lair:8   | XOM: noise
 32710 | Lair:8   | Reached skill level 5 in Spellcasting
 32949 | Lair:5   | XOM: mild Tloc miscast
 33210 | Orc:4    | Killed an ettin
 33501 | Orc:4    | XOM: 1-stop teleportation journey
 33540 | Orc:4    | XOM: enchant monster (bad)
 33822 | Orc:4    | XOM: summons 3 hostile demons
 33834 | Orc:4    | XOM: blink monster(s)
 34043 | Orc:4    | XOM: harmless Trmt miscast
 34099 | Orc:4    | XOM: noise
 34160 | Orc:4    | XOM: noise
 34161 | Orc:4    | XOM: polymorph orc high priest -> shining eye
 34174 | Orc:4    | XOM: smoke on damage
 34351 | Orc:4    | XOM: enchant monster (good)
 34369 | Orc:4    | XOM: summons friendly crimson imp
 34379 | Orc:4    | HP: 1/121 [orc high priest/divine providence (14)]
 34379 | Orc:4    | Killed from afar by an orc priest

Dungeon Overview and Level Annotations

Branches:
Dungeon (10/15)            Temple (0/1) D:5            Lair (8/8) D:9
 Shoals (0/4) Lair:4        Snake (0/4) Lair:5        Slime (0/6) Lair:6
    Orc (4/4) D:9             Elf (0/3) Orc:4

Altars:
Ashenzari
Cheibriados
Dithmenos
Kikubaaqudgha
Makhleb
Nemelex Xobeh
Okawaru
Qazlal
Ru
Sif Muna
Vehumet
Xom
Beogh
Jiyva

Shops:
D:4 =[}?   D:5 *   D:9 (   Orc:1 *

Annotations:
Lair:6 1 runed door


Message History

Unknown command.
The orange demon is engulfed in poison gas.
The orange demon looks even sicker.
The orange demon closely misses you. The orange demon barely misses you.
The orc high priest is engulfed in poison gas.
The orc high priest looks even sicker.
The orc high priest hits you but does no damage.
The sun demon hits you!
You are engulfed in flames.
You resist.
You see here a giant spiked club.
Unknown command.
The orc priest calls down the wrath of Beogh upon you.
Something smites you!
The orange demon is engulfed in poison gas.
The orange demon looks even sicker.
The orange demon stings you.
The orange demon hits you but does no damage.
The ynoxinul gestures at you. The iron shot hits you!
Unknown command.
The orc priest shouts!
The orc high priest is engulfed in poison gas.
The orc high priest looks even sicker.
The orc high priest utters an invocation to Beogh.
The orc high priest is healed somewhat.
The orange demon is engulfed in poison gas.
The orange demon stings you but does no damage.
The orc priest looks braver for a moment.
You can't drink.
Unknown command.
Read which item? (? for menu, Esc to quit)
As you read the scroll of teleportation, it crumbles to dust.
You feel strangely unstable.
The orc high priest is engulfed in poison gas.
The orc high priest prays.
The orc high priest invokes the aid of Beogh against you.
Something smites you!
Xom thinks this is hilarious!
The orc priest calls down the wrath of Beogh upon you.
Something smites you!
You die...
Xom howls with laughter!

You could see an orc high priest, a sun demon, an orange demon, a ynoxinul, an orc warrior, 2 orc priests, 2 ufetubi and a friendly crimson imp.

Vanquished Creatures
  A white draconian (IceCv)
  An ettin (Orc:4)
  A fire dragon (Lair:8)
  11 hydras
  A ghost crab (shapeshifter) (Orc:4)
  3 orc high priests
  A queen ant (Lair:2)
  6 death yaks
  A fire crab (Lair:8)
  An unseen horror (D:9)
  2 swamp dragons (Lair:7)
  2 griffons
  3 orc sorcerers
  5 orc knights (Orc:4)
  18 spiny frogs
  13 elephants
  7 black mambas
  A kobold demonologist (D:9)
  7 komodo dragons
  4 trolls
  A raiju (Lair:8)
  5 fire drakes
  20 polar bears
  A boulder beetle (Lair:8)
  37 blink frogs
  5 wyverns
  7 hippogriffs
  A human (D:9)
  A tarantella (D:10)
  2 hungry ghosts
  2 steam dragons
  57 yaks
  32 wolves
  2 swamp worms (Lair:7)
  2 basilisks
  8 wargs
  10 soldier ants
  A mottled dragon (Lair:8)
  A naga (Lair:5)
  12 porcupines
  Duvessa (D:5)
  36 orc warriors
  15 black bears
  11 water moccasins
  3 hell hounds (Lair:8)
  3 swamp drakes
  A sky beast (Lair:8)
  A wasp (D:10)
  A wasp (shapeshifter) (Lair:3)
  5 ogres
  4 phantoms
  An ice beast (D:5)
  An eye of draining (Lair:2)
  2 necrophages
  8 centaurs
  21 crocodiles
  14 giant frogs
  Dowan (D:5)
  2 gnoll sergeants
  4 scorpions
  A wyvern skeleton (D:7)
  A water moccasin zombie (Ossuary)
  2 electric eels (Lair:3)
  13 killer bees
  10 wights
  4 crimson imps
  21 hounds
  32 orc wizards
  3 lava snakes (Lair:5)
  A giant frog skeleton (D:4)
  3 centaur skeletons
  11 iguanas
  40 orc priests
  5 hell rats (Lair:5)
  2 killer bee zombies (D:9)
  28 sheep
  29 worker ants
  3 big kobold zombies (Ossuary)
  A hound zombie (D:9)
  2 mummies (Ossuary)
  3 hound skeletons
  A worker ant zombie (D:7)
  12 gnolls
  36 river rats
  A shadow imp (D:9)
  9 white imps (Lair:2)
  15 adders
  2 giant eyeballs
  8 oozes
  8 worms
  An adder skeleton (D:9)
  8 adder zombies
  214 orcs
  A ball python (Sewer)
  7 giant cockroaches
  10 goblins
  7 hobgoblins
  14 jackals
  6 kobolds
  A quokka (D:5)
  17 bats
  10 giant geckos
  2 giant gecko skeletons (D:4)
  2 giant gecko zombies
  6 giant newts
  2 gnoll zombies (Ossuary)
  4 hobgoblin zombies (Ossuary)
  A jackal skeleton (D:6)
  A jackal zombie (D:5)
  7 kobold zombies (Ossuary)
  3 orc zombies (Ossuary)
  25 rats
  2 rat zombies (D:5)
  2 fungi
  3 plants
1094 creatures vanquished.

Vanquished Creatures (collateral kills)
  An orc high priest (Orc:4)
  2 elephants
  2 komodo dragons
  5 blink frogs (Lair:4)
  A wolf (IceCv)
  2 nagas (Lair:5)
  2 soldier ants (Lair:2)
  7 orc warriors
  3 centaurs (Bailey)
  An ogre (Orc:4)
  A gnoll sergeant (D:9)
  2 orc priests
  3 worker ants (Lair:2)
  8 river rats (Lair:8)
  3 white imps (Lair:2)
  9 orcs
52 creatures vanquished.

Vanquished Creatures (others)
  An eldritch tentacle (Lair:8)
  A dancing weapon (Lair:5)
  2 death yaks (Lair:5)
  An ugly thing (D:8)
  A raiju (Lair:8)
  8 yaks
  A deep elf mage (D:9)
  A wolf (IceCv)
  A black bear (Lair:8)
  A giant frog (D:9)
  A scorpion (D:7)
  3 wights (D:10)
  A jelly (D:9)
  An orc priest (D:3)
  2 orcs
  A jackal (Lair:8)
  A bush (Lair:8)
  88 eldritch tentacle segments (Lair:8)
  47 fungi
  27 plants
190 creatures vanquished.

Grand Total: 1336 creatures vanquished

Action                   |  1- 3 |  4- 6 |  7- 9 | 10-12 | 13-15 || total
-------------------------+-------+-------+-------+-------+-------++-------
Melee: Spear             |   149 |   198 |   735 |       |       ||  1082
       Flail             |       |   168 |   303 |       |       ||   471
       Dagger            |       |       |   157 |   224 |       ||   381
       Trident           |       |       |   135 |  2156 |  3171 ||  5462
       Rod               |       |       |       |     2 |       ||     2
 Abil: Evoke Invisibilit |       |       |       |     1 |       ||     1
Evoke: Wand              |       |       |    11 |     4 |     7 ||    22
       Rod               |       |       |       |    36 |    82 ||   118
       Phial of floods   |       |       |       |       |     2 ||     2
  Use: Scroll            |       |     4 |    10 |    14 |    11 ||    39
 Stab: Paralysed         |     1 |     1 |     5 |     8 |       ||    15
       Sleeping          |     2 |       |       |     1 |       ||     3
       Confused          |     1 |     3 |     7 |    25 |    38 ||    74
       Invisible         |     3 |     2 |     5 |    18 |     6 ||    34
       Petrifying        |       |     2 |     4 |       |       ||     6
       Petrified         |       |       |     1 |       |       ||     1
       Distracted        |       |       |       |     2 |     2 ||     4

Vault maps used:
D:1:      zelgadis_glass_arrival_small
D:2:      grunt_temple_overflow_open, nrook_loot_triangle
D:3:      nicolae_overflow_crystal_walls, minmay_stone_trees_small
D:4:      first_bread, serial_shops, kennysheep_mini_moat, shop, shop, shop,
          okawaru_altar_gauntlet_db
D:5:      xom_butterflies, minmay_temple_entry_fiery, enter_ossuary_4,
          serial_shops, shop, uniq_duvessa
D:6:      marbit_many_paths, gup_sewer_entry_bubbles, serial_park_tiny_pond
D:7:      lemuel_coloured_pillars_altar
D:9:      minmay_quarter_circles, grunt_temple_overflow_lords_of_destruction,
          nicolae_ru_path_of_blood, david_lair_generic, hiddenorc1_lemuel,
          serial_shops, nicolae_shop_trees
Lair:1:   lemuel_fruit_tree
Lair:2:   portal_ice_cave_entry_imps, basic_altar, minmay_another_anthill
Lair:3:   basic_altar, grunt_megastairs_4, serial_bayou_shore_a
Lair:4:   shoals_dummy_entry
Lair:5:   lemuel_ratsnest, guppyfry_snake_entry_garden, disabler_island,
          serial_bayou_shore_b
Lair:6:   slime_altar_2
Lair:7:   onia_ninara_swampy_vault, grunt_megastairs_2
Lair:8:   hangedman_lair_caniforms_friends, guppyfry_lair_end_dragon,
          grunt_forest_small_clearings, serial_bayou_shore_b
Orc:1:    basic_altar, serial_shops, shop
Orc:2:    basic_altar, mines1_david
Orc:3:    enter_bailey_2, nicolae_orc_pool_cavern
Orc:4:    st_orc_pillars
Sewer:    sewer_fruit_machine
Ossuary:  ossuary_tomb_2
Bailey:   bailey_polearm_flooded_kennysheep, bailey
IceCv:    ice_cave_caverns_02
